Map: Acid Plant LE

Players

iGRushcrazy (Rushcrazy) - Winner!

  • Race: Protoss Protoss
  • Spawn Location: 5:00

AlaSReformed (AlaStOr)

  • Race: Zerg Zerg
  • Spawn Location: 11:00

Event: WCS Valencia 2018

VOD

Have the link to the VOD?

Description

Time

  • Played on: July 12, 2018, 6:22 a.m.
  • Length: 9:13

All games in this series

Show
View Real Time Build Order
Export as new Build Order

iGRushcrazy Protoss - Winner!

Build Orders: 1 Gate Expand, Oracle Opening, Phoenix Opening, Archon Immortal, Zealot Archon, Archon Drop 

Get SALT Encoding   

  12  0:00  Probe  
  13  0:12  Probe  
  14  0:20  Pylon  
  14  0:24  Probe  
  15  0:34  Probe  
  15  0:39  Gateway  
  15  0:42  Probe  
  16  0:48  Assimilator  
  17  0:52  Probe  
  18  1:04  Probe  
  19  1:16  Probe  
  20  1:25  Nexus  
  20  1:35  Cybernetics Core  
  20  1:38  Probe  
  21  1:44  Assimilator  
  21  1:50  Probe  
  22  1:54  Pylon  
  22  2:02  Probe  
  22  2:04  Adept  
  23  2:14  Probe  
  26  2:19  Stargate  
  26  2:26  Probe  
  26  2:29  Warp Gate  
  27  2:35  Adept, Probe  
  29  2:39  Probe  
  29  2:43  Probe  
  31  2:51  Probe  
  33  2:53  Oracle, Probe  
  34  3:03  Probe  
  34  3:05  Probe  
  39  3:15  Probe  
  39  3:17  Probe  
  41  3:23  Phoenix  
  41  3:24  Assimilator  
  41  3:26  Pylon  
  41  3:27  Probe  
  41  3:29  Probe  
  45  3:39  Robotics Facility, Probe  
  46  3:43  Assimilator  
  46  3:47  Probe  
  47  3:52  Probe  
  48  3:55  Pylon  
  48  3:58  Twilight Council  
  48  4:00  Probe  
  49  4:06  Probe  
  50  4:14  Probe  
  51  4:19  Gateway x2  
  51  4:20  Warp Prism  
  51  4:25  Gateway  
  51  4:27  Pylon  
  53  4:34  Probe  
  53  4:38  Templar Archives  
  54  4:39  Probe  
  55  4:46  Probe  
  55  4:49  Zealot  
  58  5:04  Nexus  
  58  5:10  Pylon  
  58  5:15  Probe  
  58  5:20  High Templar x2  
  58  5:21  High Templar x2  
  67  5:24  Archon  
  67  5:25  Archon  
  67  5:26  Probe  
  67  5:27  Charge  
  68  5:30  Forge  
  68  5:33  Immortal, Pylon  
  68  5:43  Probe  
  71  5:51  Probe  
  72  5:59  Zealot x4  
  80  6:06  Probe  
  80  6:07  Immortal  
  80  6:08  Gateway  
  80  6:09  Gateway, Protoss Ground Weapons Level 1  
  79  6:18  Probe x2  
  79  6:20  Probe  
  79  6:22  Sentry x2, Pylon  
  79  6:23  Sentry  
  82  6:30  Probe  
  83  6:37  Immortal  
  83  6:38  Gateway  
  83  6:42  Gateway  
  83  6:43  Pylon  
  83  6:49  Zealot  
  83  6:52  Zealot  
  91  7:00  High Templar  
  91  7:01  High Templar  
  95  7:02  Probe x2  
  95  7:03  Pylon, Probe  
  95  7:04  Archon  
  98  7:12  Pylon  
  98  7:14  Probe x2  
  100  7:18  Zealot x4  
  100  7:19  Probe  
  109  7:23  Pylon  
  109  7:25  Assimilator  
  109  7:29  Assimilator  
  109  7:33  High Templar x2  
  109  7:34  Immortal  
  109  7:36  Probe, Pylon  
  114  7:37  Archon  
  114  7:38  Pylon  
  114  7:39  Probe  
  114  7:42  Pylon  
  115  7:47  Probe  
  115  7:48  Probe  
  115  7:51  Pylon  
  121  7:59  High Templar x2  
  121  8:00  Zealot x4  
  121  8:03  Archon  
  133  8:09  Probe  
  133  8:10  Probe  
  135  8:13  Pylon  
  135  8:17  Zealot x2  
  139  8:21  Zealot x3  
  133  8:41  Zealot x2  
  127  8:43  Zealot x6  
  123  8:57  Probe  
  123  9:02  Zealot x2  
  118  9:05  Zealot x4  
Show
View Real Time Build Order
Export as new Build Order

AlaSReformed Zerg 

Build Orders: Hatch First 

Get SALT Encoding   

  12  0:00  Drone  
  13  0:12  Overlord  
  13  0:16  Drone  
  14  0:31  Drone x2  
  14  0:34  Drone  
  17  0:50  Hatchery  
  17  0:54  Drone  
  17  0:58  Drone  
  18  1:12  Spawning Pool  
  18  1:15  Drone  
  18  1:18  Extractor  
  18  1:19  Drone  
  18  1:30  Drone  
  19  1:39  Drone  
  20  1:49  Overlord  
  20  1:59  Queen  
  22  2:02  Queen  
  22  2:03  Drone x2  
  26  2:13  Drone  
  26  2:14  Drone  
  28  2:21  Metabolic Boost  
  28  2:33  Hatchery  
  27  2:47  Drone x2  
  27  2:48  Overlord  
  27  2:50  Queen  
  31  2:55  Drone x2  
  31  2:57  Drone  
  34  3:01  Zergling x2  
  35  3:05  Zergling x2  
  35  3:11  Spore Crawler  
  35  3:15  Spore Crawler  
  35  3:18  Zergling x4  
  35  3:19  Drone x2  
  37  3:21  Drone  
  37  3:24  Drone  
  38  3:38  Drone x2  
  40  3:42  Queen  
  40  3:44  Drone x2  
  40  3:45  Drone  
  45  3:52  Drone  
  45  3:54  Drone  
  47  3:57  Drone x2  
  47  3:58  Drone  
  47  4:01  Drone  
  47  4:02  Drone  
  50  4:03  Overlord  
  50  4:11  Overlord  
  50  4:13  Lair  
  50  4:18  Overlord  
  50  4:26  Drone x3  
  50  4:27  Evolution Chamber  
  50  4:31  Roach Warren, Drone  
  52  4:32  Drone  
  52  4:34  Drone  
  52  4:35  Drone  
  52  4:37  Drone  
  52  4:38  Drone  
  57  4:41  Extractor  
  57  4:42  Extractor  
  57  4:43  Drone  
  56  4:46  Spore Crawler, Drone x2  
  56  4:49  Drone  
  58  4:53  Overlord  
  58  4:54  Drone x2  
  58  4:58  Drone x2  
  61  5:06  Overlord  
  61  5:11  Zerg Missile Weapons Level 1, Drone  
  61  5:12  Drone x3  
  66  5:14  Drone x4  
  66  5:17  Glial Reconstitution  
  66  5:19  Roach  
  71  5:21  Roach  
  71  5:24  Roach  
  75  5:28  Roach x2  
  75  5:29  Roach  
  75  5:34  Overlord  
  81  5:40  Queen  
  81  5:41  Overlord  
  81  5:45  Roach  
  81  5:47  Overlord x2  
  81  5:49  Overlord  
  78  5:50  Extractor  
  78  5:51  Extractor  
  78  5:56  Queen  
  76  5:58  Roach x2  
  76  5:59  Roach  
  76  6:00  Roach  
  86  6:04  Roach x2  
  86  6:06  Zergling x2  
  86  6:07  Zergling x4  
  88  6:11  Roach  
  88  6:12  Roach x2  
  88  6:16  Queen  
  93  6:20  Roach x4  
  93  6:25  Roach x2  
  105  6:29  Roach x2  
  105  6:31  Roach  
  111  6:33  Overseer  
  111  6:35  Roach  
  111  6:36  Overlord  
  113  6:40  Overlord  
  111  6:47  Roach  
  111  6:49  Overlord  
  113  6:58  Drone  
  113  6:59  Drone  
  113  7:00  Hydralisk Den, Drone x4  
  113  7:01  Drone x2  
  119  7:08  Drone x3  
  121  7:10  Drone x2  
  121  7:11  Overlord  
  124  7:19  Overlord  
  122  7:30  Hatchery  
  122  7:33  Grooved Spines, Hydralisk x4  
  127  7:40  Overlord  
  127  7:42  Hydralisk  
  127  7:43  Hydralisk x3  
  135  7:50  Hydralisk x3  
  141  7:58  Hydralisk x2  
  141  8:01  Overlord  
  141  8:05  Hydralisk x2  
  147  8:09  Hydralisk  
  147  8:11  Overlord  
  151  8:16  Overlord, Queen  
  151  8:19  Hydralisk x2  
  153  8:20  Hydralisk  
  153  8:24  Zergling x6  
  162  8:28  Roach x2  
  162  8:33  Roach  
  162  8:34  Roach x2  
  155  8:36  Roach x2  
  155  8:37  Hydralisk  
  149  8:43  Zergling x6  
  149  8:47  Roach x4  
  132  8:50  Roach x3  
  132  8:52  Roach  
Tags
 
Add a new tag
Caveats
  • Supply blocks, unpowered buildings, or Contaminate may cause inaccurate times.
  • Supply counts are checked every 10 seconds.